[Event "Budapest Spring Festival 2019"]
[Site "Budapest"]
[Date "2019.04.14"]
[Round "6.39"]
[White "Bhambure, Shantanu"]
[Black "Popovics, Adam"]
[Result "1/2-1/2"]
[ECO "A40"]
[WhiteElo "2261"]
[BlackElo "2375"]
[Annotator "NA"]
[PlyCount "67"]
[EventDate "2019.04.09"]
[EventType "swiss"]
[EventCountry "HUN"]
[SourceTitle "playchess.com"]
[Source "ChessBase"]
[SourceQuality "1"]
[TimeControl "40/5400+30:1800+30"]

1. d4 g6 2. c4 Bg7 3. e4 c5 4. d5 d6 5. Nc3 e6 6. h3 Ne7 7. Nf3 O-O 8. Bd3 exd5 9. exd5 Nd7 10. O-O Ne5 11. Nxe5 Bxe5 12. Bg5 f6 13. Bd2 Bd7 14. f4 Bd4+ 15. Kh2 f5 16. Ne2 Bf6 17. Bc3 a6 18. Bxf6 Rxf6 19. Nc3 Qf8 20. Re1 Rf7 21. Qb3 Ra7 22. Re3 Qd8 23. Rae1 Kf8 24. Nb1 Ng8 25. Nd2 Re7 26. Rxe7 Nxe7 27. Nf3 h6 28. Qc3 Ng8 29. b4 b6 30. bxc5 bxc5 31. Rb1 Bc8 32. Rb8 Qc7 33. Qb2 Rb7 34. Rxb7 1/2-1/2

[Event "Budapest Spring Festival 2019"]
[Site "Budapest"]
[Date "2019.04.14"]
[Round "6.40"]
[White "Abhilash, Reddy M.L."]
[Black "Parkhov, Yair"]
[Result "1/2-1/2"]
[ECO "D04"]
[WhiteElo "2252"]
[BlackElo "2352"]
[Annotator "NA"]
[PlyCount "30"]
[EventDate "2019.04.09"]
[EventType "swiss"]
[EventCountry "HUN"]
[SourceTitle "playchess.com"]
[Source "ChessBase"]
[SourceQuality "1"]
[TimeControl "40/5400+30:1800+30"]

1. d4 d5 2. Nf3 Nf6 3. e3 c5 4. c4 cxd4 5. exd4 g6 6. Nc3 Bg7 7. Be2 O-O 8. h3 dxc4 9. Bxc4 a6 10. a4 Nc6 11. O-O e6 12. Bg5 h6 13. Bf4 Nd5 14. Bxd5 exd5 15. Qb3 g5 1/2-1/2

[Event "Budapest Spring Festival 2019"]
[Site "Budapest"]
[Date "2019.04.15"]
[Round "7.5"]
[White "Borhy, Marcell"]
[Black "Gopal G.N."]
[Result "0-1"]
[ECO "D70"]
[WhiteElo "2237"]
[BlackElo "2589"]
[Annotator "ChessBase"]
[PlyCount "90"]
[EventDate "2019.04.09"]
[EventType "swiss"]
[EventCountry "HUN"]
[SourceTitle "playchess.com"]
[Source "ChessBase"]
[SourceQuality "1"]
[TimeControl "40/5400+30:1800+30"]

1. d4 Nf6 2. c4 g6 3. Nf3 Bg7 4. g3 d5 5. cxd5 Nxd5 6. Bg2 Nb6 7. Nc3 Nc6 8. Bf4 O-O 9. O-O Be6 10. Rc1 Nd5 11. Nxd5 Bxd5 12. Re1 Nxd4 13. Bxc7 Qd7 14. Ne5 Bxe5 15. Bxe5 Bxg2 16. Qxd4 Qxd4 17. Bxd4 Bc6 18. Red1 f6 19. Bc5 Kf7 20. Rd4 Rfd8 21. Bxa7 Rxd4 22. Bxd4 Rxa2 23. f4 Ra4 24. e3 h6 25. Kf2 g5 26. h3 Kg6 27. Bc5 Kf7 28. Bd4 Ra5 29. Bc3 Rd5 30. Re1 Rd3 31. Re2 Rd1 32. Re1 Rd8 33. Bd4 Kg6 34. Rc1 h5 35. Rc5 h4 36. f5+ Kf7 37. b4 Ra8 38. Ra5 hxg3+ 39. Kxg3 Rh8 40. Rc5 Be4 41. Bc3 b6 42. Rb5 Rc8 43. Be1 Rb8 44. Kg4 Bc6 45. Bg3 Rb7 0-1

[Event "Budapest Spring Festival 2019"]
[Site "Budapest"]
[Date "2019.04.15"]
[Round "7.6"]
[White "Stupak, Kirill"]
[Black "Shyam, Sundar M."]
[Result "1/2-1/2"]
[ECO "E81"]
[WhiteElo "2547"]
[BlackElo "2519"]
[Annotator "ChessBase"]
[PlyCount "23"]
[EventDate "2019.04.09"]
[EventType "swiss"]
[EventCountry "HUN"]
[SourceTitle "playchess.com"]
[Source "ChessBase"]
[SourceQuality "1"]
[TimeControl "40/5400+30:1800+30"]

1. d4 Nf6 2. c4 g6 3. Nc3 Bg7 4. e4 d6 5. f3 O-O 6. Nge2 c5 7. d5 e6 8. Ng3 exd5 9. cxd5 a6 10. a4 Nbd7 11. Be2 Ne8 12. O-O 1/2-1/2

[Event "Budapest Spring Festival 2019"]
[Site "Budapest"]
[Date "2019.04.15"]
[Round "7.10"]
[White "Nguyen, Piotr"]
[Black "Santos Latasa, Jaime"]
[Result "0-1"]
[ECO "A02"]
[WhiteElo "2427"]
[BlackElo "2585"]
[Annotator "ChessBase"]
[PlyCount "48"]
[EventDate "2019.04.09"]
[EventType "swiss"]
[EventCountry "HUN"]
[SourceTitle "playchess.com"]
[Source "ChessBase"]
[SourceQuality "1"]
[TimeControl "40/5400+30:1800+30"]

1. f4 b6 2. e4 Bb7 3. Nc3 e6 4. Nf3 d5 5. Bb5+ c6 6. Bd3 Nd7 7. exd5 cxd5 8. Qe2 a6 9. f5 Qe7 10. fxe6 fxe6 11. Ne5 Nxe5 12. Qxe5 Nf6 13. Na4 b5 14. Nb6 Rd8 15. a4 b4 16. a5 g6 17. c3 Bg7 18. Qd4 O-O 19. Qxb4 Qc7 20. O-O Ne4 21. b3 Be5 22. Ba3 Bxh2+ 23. Kh1 Ng3+ 24. Kxh2 Nxf1+ 0-1

[Event "Budapest Spring Festival 2019"]
[Site "Budapest"]
[Date "2019.04.15"]
[Round "7.16"]
[White "Henderson de La Fuente, Lance"]
[Black "Risting, Eivind Olav"]
[Result "1-0"]
[ECO "B12"]
[WhiteElo "2471"]
[BlackElo "2345"]
[Annotator "ChessBase"]
[PlyCount "49"]
[EventDate "2019.04.09"]
[EventType "swiss"]
[EventCountry "HUN"]
[SourceTitle "playchess.com"]
[Source "ChessBase"]
[SourceQuality "1"]
[TimeControl "40/5400+30:1800+30"]

1. e4 c6 2. d4 d5 3. e5 Bf5 4. Nd2 e6 5. Nb3 Nd7 6. Nf3 Ne7 7. Be2 h6 8. O-O g5 9. Ne1 Qc7 10. Nd3 Ng6 11. Be3 Bg7 12. Bh5 O-O 13. f4 Bxd3 14. Qxd3 Nxf4 15. Bxf4 gxf4 16. Rxf4 f6 17. Raf1 fxe5 18. Rf7 Rxf7 19. Rxf7 e4 20. Qh3 Rf8 21. Qxe6 Rxf7 22. Qxf7+ Kh8 23. Bg4 Qb6 24. Bxd7 Bxd4+ 25. Kh1 1-0

[Event "Budapest Spring Festival 2019"]
[Site "Budapest"]
[Date "2019.04.15"]
[Round "7.20"]
[White "Mehar, Chinna Reddy C.H."]
[Black "Popovic, Dusan"]
[Result "1/2-1/2"]
[ECO "C41"]
[WhiteElo "2348"]
[BlackElo "2503"]
[Annotator "ChessBase"]
[PlyCount "32"]
[EventDate "2019.04.09"]
[EventType "swiss"]
[EventCountry "HUN"]
[SourceTitle "playchess.com"]
[Source "ChessBase"]
[SourceQuality "1"]
[TimeControl "40/5400+30:1800+30"]

1. e4 e5 2. Nf3 d6 3. d4 exd4 4. Nxd4 Nf6 5. Nc3 Be7 6. Bf4 O-O 7. Qd2 Nc6 8. O-O-O Nxd4 9. Qxd4 Re8 10. f3 a6 11. Qf2 Bd7 12. g4 b5 13. h4 b4 14. Ne2 c5 15. g5 Nh5 16. Bxd6 Bxd6 1/2-1/2

[Event "Budapest Spring Festival 2019"]
[Site "Budapest"]
[Date "2019.04.15"]
[Round "7.24"]
[White "Ankit, R. Rajpara"]
[Black "Bayramov, Zaur"]
[Result "1/2-1/2"]
[ECO "A61"]
[WhiteElo "2462"]
[BlackElo "2301"]
[Annotator "ChessBase"]
[PlyCount "39"]
[EventDate "2019.04.09"]
[EventType "swiss"]
[EventCountry "HUN"]
[SourceTitle "playchess.com"]
[Source "ChessBase"]
[SourceQuality "1"]
[TimeControl "40/5400+30:1800+30"]

1. d4 Nf6 2. c4 c5 3. d5 e6 4. Nc3 exd5 5. cxd5 d6 6. Nf3 g6 7. Bf4 a6 8. a4 Bg7 9. h3 O-O 10. e3 Nh5 11. Bh2 f5 12. Bd3 f4 13. O-O Nd7 14. Qd2 Ne5 15. Be2 fxe3 16. fxe3 Nxf3+ 17. Bxf3 Nf6 18. e4 Re8 19. Rae1 Nd7 20. Bxd6 1/2-1/2

[Event "Budapest Spring Festival 2019"]
[Site "Budapest"]
[Date "2019.04.15"]
[Round "7.26"]
[White "Song, Julien"]
[Black "Kayonde, Andrew"]
[Result "1/2-1/2"]
[ECO "B10"]
[WhiteElo "2310"]
[BlackElo "2394"]
[Annotator "NA"]
[PlyCount "48"]
[EventDate "2019.04.09"]
[EventType "swiss"]
[EventCountry "HUN"]
[SourceTitle "playchess.com"]
[Source "ChessBase"]
[SourceQuality "1"]
[TimeControl "40/5400+30:1800+30"]

1. e4 c6 2. d3 d5 3. Qe2 dxe4 4. dxe4 e5 5. Nf3 Nf6 6. Nbd2 Bd6 7. Nc4 Bc7 8. Bd2 Qe7 9. Nh4 Bg4 10. f3 Be6 11. Nf5 Bxf5 12. exf5 Nbd7 13. O-O-O Nd5 14. Kb1 O-O-O 15. g3 Rhe8 16. Bg2 Qc5 17. Rhe1 N7b6 18. Nxb6+ Nxb6 19. Be3 Qb4 20. a3 Qa4 21. Bxb6 axb6 22. Qe4 Qxe4 23. fxe4 b5 24. Bf3 Bb6 1/2-1/2

[Event "Budapest Spring Festival 2019"]
[Site "Budapest"]
[Date "2019.04.15"]
[Round "7.27"]
[White "Daggupati, Balaji"]
[Black "Nguyen, Van Thanh"]
[Result "1-0"]
[ECO "B90"]
[WhiteElo "2326"]
[BlackElo "2391"]
[Annotator "NA"]
[PlyCount "33"]
[EventDate "2019.04.09"]
[EventType "swiss"]
[EventCountry "HUN"]
[SourceTitle "playchess.com"]
[Source "ChessBase"]
[SourceQuality "1"]
[TimeControl "40/5400+30:1800+30"]

1. e4 c5 2. Nf3 d6 3. d4 cxd4 4. Nxd4 Nf6 5. Nc3 a6 6. Qf3 g6 7. h3 Bg7 8. Be3 O-O 9. g4 Nc6 10. O-O-O Bd7 11. g5 Nh5 12. Nd5 Rc8 13. Nf5 gxf5 14. Qxh5 Qa5 15. Bc4 Nb4 16. Nxe7+ Kh8 17. g6 1-0

[Event "Budapest Spring Festival 2019"]
[Site "Budapest"]
[Date "2019.04.15"]
[Round "7.32"]
[White "Vetoshko, Volodymyr"]
[Black "Wong, Jianwen"]
[Result "1-0"]
[ECO "B33"]
[WhiteElo "2510"]
[BlackElo "2185"]
[Annotator "ChessBase"]
[PlyCount "61"]
[EventDate "2019.04.09"]
[EventType "swiss"]
[EventCountry "HUN"]
[SourceTitle "playchess.com"]
[Source "ChessBase"]
[SourceQuality "1"]
[TimeControl "40/5400+30:1800+30"]

1. e4 c5 2. Nf3 Nc6 3. d4 cxd4 4. Nxd4 Nf6 5. Nc3 e5 6. Ndb5 d6 7. Bg5 a6 8. Na3 b5 9. Nd5 Be7 10. Bxf6 Bxf6 11. c3 Ne7 12. Nxf6+ gxf6 13. Bd3 Bb7 14. Nc2 d5 15. Qe2 Qb6 16. O-O-O O-O-O 17. f3 Kb8 18. Kb1 h5 19. Rhf1 Ng6 20. g3 h4 21. exd5 Bxd5 22. c4 bxc4 23. Bxc4 Bxc4 24. Qxc4 hxg3 25. hxg3 Qe6 26. Qa4 Ka7 27. Nb4 Ne7 28. a3 Qb6 29. Rd7+ Rxd7 30. Qxd7+ Qb7 31. Qxe7 1-0

[Event "Budapest Spring Festival 2019"]
[Site "Budapest"]
[Date "2019.04.15"]
[Round "7.35"]
[White "Popovics, Adam"]
[Black "Louis, Thibault"]
[Result "1/2-1/2"]
[ECO "A22"]
[WhiteElo "2375"]
[BlackElo "2251"]
[Annotator "NA"]
[PlyCount "49"]
[EventDate "2019.04.09"]
[EventType "swiss"]
[EventCountry "HUN"]
[SourceTitle "playchess.com"]
[Source "ChessBase"]
[SourceQuality "1"]
[TimeControl "40/5400+30:1800+30"]

1. c4 e5 2. Nc3 Nf6 3. g3 c6 4. Nf3 e4 5. Nd4 d5 6. cxd5 cxd5 7. d3 Bc5 8. Nb3 Bb4 9. a3 Bxc3+ 10. bxc3 exd3 11. Qxd3 O-O 12. Bg2 Nc6 13. O-O Re8 14. Bg5 Bg4 15. Rfe1 h6 16. Bf4 Qe7 17. Nd4 Rac8 18. h3 Bd7 19. Nxc6 Bxc6 20. Qd4 a6 21. a4 Ne4 22. a5 Nc5 23. Qb4 Ne4 24. Qd4 Nc5 25. Qb4 1/2-1/2

[Event "Budapest Spring Festival 2019"]
[Site "Budapest"]
[Date "2019.04.15"]
[Round "7.38"]
[White "Terbe, Julianna"]
[Black "Kulkarni, Rakesh"]
[Result "1/2-1/2"]
[ECO "A05"]
[WhiteElo "2265"]
[BlackElo "2334"]
[Annotator "NA"]
[PlyCount "61"]
[EventDate "2019.04.09"]
[EventType "swiss"]
[EventCountry "HUN"]
[SourceTitle "playchess.com"]
[Source "ChessBase"]
[SourceQuality "1"]
[TimeControl "40/5400+30:1800+30"]

1. Nf3 Nf6 2. g3 d5 3. d4 Bf5 4. c4 c6 5. Nc3 dxc4 6. Ne5 e6 7. Nxc4 Nbd7 8. Bg2 Nb6 9. Ne5 Nbd5 10. O-O Bd6 11. Qb3 Qc7 12. Nc4 Be7 13. Re1 Nxc3 14. bxc3 Be4 15. Bf4 Qc8 16. Bxe4 Nxe4 17. f3 Nf6 18. Nd6+ Bxd6 19. Bxd6 Qd7 20. Qa3 Nd5 21. c4 Ne3 22. Qxe3 Qxd6 23. Rab1 Qd7 24. d5 cxd5 25. cxd5 Qxd5 26. Red1 Qa5 27. Rxb7 O-O 28. Rdd7 Qxa2 29. Rxa7 Rxa7 30. Rxa7 Qd5 31. Kg2 1/2-1/2

[Event "Budapest Spring Festival 2019"]
[Site "Budapest"]
[Date "2019.04.15"]
[Round "7.40"]
[White "Bodi, Tibor"]
[Black "Skomorokhin, Roman"]
[Result "1-0"]
[ECO "A05"]
[WhiteElo "2240"]
[BlackElo "2318"]
[Annotator "NA RC"]
[PlyCount "95"]
[EventDate "2019.04.09"]
[EventType "swiss"]
[EventCountry "HUN"]
[SourceTitle "playchess.com"]
[Source "ChessBase"]
[SourceQuality "1"]
[TimeControl "40/5400+30:1800+30"]

1. Nf3 Nf6 2. b3 c5 3. Bb2 d6 4. e3 e5 5. Bb5+ Nbd7 6. O-O a6 7. Be2 Be7 8. d4 cxd4 9. exd4 e4 10. Nfd2 d5 11. c4 O-O 12. Nc3 Re8 13. Re1 Bb4 14. Nf1 Nf8 15. Ne3 Be6 16. a3 Bxc3 17. Bxc3 Ng6 18. c5 Nd7 19. g3 f5 20. Ng2 f4 21. gxf4 Bh3 22. Bf1 Bxg2 23. Bxg2 Nxf4 24. Bd2 Qg5 25. Bxf4 Qxf4 26. Qc1 Qf6 27. Qe3 Nf8 28. f3 Rad8 29. fxe4 dxe4 30. Rad1 Ne6 31. Qxe4 Nf4 32. Qxe8+ Rxe8 33. Rxe8+ Kf7 34. Re4 g5 35. Rde1 Kg6 36. Re5 Kh5 37. Bxb7 Kh4 38. Bg2 Qg6 39. R5e4 Qf5 40. R1e3 g4 41. Bf1 Qf6 42. b4 h5 43. c6 Qd6 44. a4 Nd5 45. Rh3+ Kg5 46. Re5+ Kf4 47. Rhxh5 Ne3 48. Bg2 1-0

[Event "Budapest Spring Festival 2019"]
[Site "Budapest"]
[Date "2019.04.16"]
[Round "8.1"]
[White "Onischuk, Vladimir"]
[Black "Arjun Kalyan"]
[Result "1-0"]
[ECO "C94"]
[WhiteElo "2627"]
[BlackElo "2445"]
[Annotator "RC"]
[PlyCount "87"]
[EventDate "2019.04.09"]
[EventType "swiss"]
[EventCountry "HUN"]
[SourceTitle "playchess.com"]
[Source "ChessBase"]
[SourceQuality "1"]
[TimeControl "40/5400+30:1800+30"]

1. e4 e5 2. Nf3 Nc6 3. Bb5 a6 4. Ba4 Nf6 5. O-O Be7 6. Re1 b5 7. Bb3 d6 8. c3 O-O 9. h3 Nb8 10. d3 Nbd7 11. Nbd2 Bb7 12. Nf1 Nc5 13. Bc2 Re8 14. Ng3 Bf8 15. Be3 h6 16. Qe2 Ncd7 17. Rad1 d5 18. Nh4 g6 19. Nf3 c5 20. h4 h5 21. Ng5 Qc7 22. Qf3 Bg7 23. exd5 Bxd5 24. N3e4 Re7 25. Bb3 Rd8 26. c4 bxc4 27. Bxc4 Bxc4 28. dxc4 Rb8 29. b3 Ng4 30. Nd6 Ndf6 31. Nde4 Nd7 32. Ng3 Bh6 33. Bc1 Nb6 34. N3e4 Bg7 35. Qg3 f6 36. f3 Nh6 37. Nh3 Kh7 38. Bxh6 Kxh6 39. Rd6 Rf8 40. Red1 Rd7 41. Nhg5 Rxd6 42. Rxd6 Nc8 43. Ne6 Qe7 44. Nxf8 1-0

[Event "Budapest Spring Festival 2019"]
[Site "Budapest"]
[Date "2019.04.16"]
[Round "8.5"]
[White "Shyam, Sundar M."]
[Black "Erdos, Viktor"]
[Result "1/2-1/2"]
[ECO "C78"]
[WhiteElo "2519"]
[BlackElo "2610"]
[Annotator "RC"]
[PlyCount "40"]
[EventDate "2019.04.09"]
[EventType "swiss"]
[EventCountry "HUN"]
[SourceTitle "playchess.com"]
[Source "ChessBase"]
[SourceQuality "1"]
[TimeControl "40/5400+30:1800+30"]

1. e4 e5 2. Nf3 Nc6 3. Bb5 a6 4. Ba4 Nf6 5. O-O b5 6. Bb3 Bc5 7. c3 d6 8. d4 Bb6 9. Be3 O-O 10. Nbd2 h6 11. Re1 Bb7 12. d5 Ne7 13. Bxb6 cxb6 14. a4 bxa4 15. Bxa4 b5 16. Bc2 a5 17. Bd3 Qb6 18. Qe2 Rfb8 19. Rec1 Bc8 20. b4 axb4 1/2-1/2

[Event "Budapest Spring Festival 2019"]
[Site "Budapest"]
[Date "2019.04.16"]
[Round "8.6"]
[White "Santos Latasa, Jaime"]
[Black "Krzyzanowski, Marcin"]
[Result "1-0"]
[ECO "A67"]
[WhiteElo "2585"]
[BlackElo "2509"]
[Annotator "ChessBase"]
[PlyCount "63"]
[EventDate "2019.04.09"]
[EventType "swiss"]
[EventCountry "HUN"]
[SourceTitle "playchess.com"]
[Source "ChessBase"]
[SourceQuality "1"]
[TimeControl "40/5400+30:1800+30"]

1. d4 Nf6 2. c4 c5 3. d5 e6 4. Nc3 exd5 5. cxd5 d6 6. e4 g6 7. f4 Bg7 8. Bb5+ Nfd7 9. Bd3 a6 10. a4 O-O 11. Nf3 Re8 12. O-O Qc7 13. Bc2 c4 14. Be3 Nf8 15. Bd4 f6 16. Nd2 Nbd7 17. Qe2 f5 18. Bxg7 Kxg7 19. Qf2 fxe4 20. Ncxe4 Qb6 21. Nxc4 Qxf2+ 22. Rxf2 Rd8 23. Nexd6 Rb8 24. Rd2 Nf6 25. a5 Bd7 26. Re1 Bb5 27. Re7+ Kg8 28. Nxb5 axb5 29. Nb6 Rd6 30. Bd3 b4 31. Bc4 Kh8 32. Rde2 1-0

[Event "Budapest Spring Festival 2019"]
[Site "Budapest"]
[Date "2019.04.16"]
[Round "8.12"]
[White "Horvath, Adam"]
[Black "Pranav Anand"]
[Result "1-0"]
[ECO "C88"]
[WhiteElo "2533"]
[BlackElo "2359"]
[Annotator "RC"]
[PlyCount "205"]
[EventDate "2019.04.09"]
[EventType "swiss"]
[EventCountry "HUN"]
[SourceTitle "playchess.com"]
[Source "ChessBase"]
[SourceQuality "1"]
[TimeControl "40/5400+30:1800+30"]

1. e4 e5 2. Nf3 Nc6 3. Bb5 a6 4. Ba4 Nf6 5. O-O Be7 6. Re1 b5 7. Bb3 d6 8. a4 Bb7 9. d3 O-O 10. Nbd2 Na5 11. Ba2 c5 12. Nf1 Bc8 13. axb5 axb5 14. b4 cxb4 15. Bd2 Be6 16. Bxe6 fxe6 17. Bxb4 Nc6 18. Bd2 Nd7 19. Qb1 Qb6 20. Rxa8 Rxa8 21. Be3 Qa5 22. Qb3 Kf7 23. Rb1 b4 24. d4 d5 25. exd5 Qxd5 26. c4 bxc3 27. Qxc3 exd4 28. Nxd4 Nxd4 29. Bxd4 Ra3 30. Qd2 Ra4 31. Rd1 Bf6 32. Bxf6 Qxd2 33. Rxd2 Nxf6 34. g3 Nd5 35. Rb2 Kf6 36. Nd2 Kf5 37. Rb7 Kf6 38. Kg2 Rd4 39. Nf3 Rd1 40. h4 h6 41. Nh2 h5 42. Nf3 Rc1 43. Ng5 Rc7 44. Rb8 Kf5 45. Rb5 Rc2 46. Ra5 Rc6 47. Ra7 Rc7 48. Ra6 Re7 49. Ra5 Rc7 50. Nf3 Kf6 51. Ra8 Rb7 52. Rh8 g6 53. Ng5 Re7 54. Rd8 Kf5 55. Rf8+ Nf6 56. f3 Ke5 57. Nf7+ Kd4 58. Nh8 Nd5 59. Nxg6 Rg7 60. Nf4 Nxf4+ 61. Rxf4+ Kd5 62. Rf8 Rh7 63. Kh3 e5 64. Rd8+ Ke6 65. Re8+ Kf6 66. g4 hxg4+ 67. fxg4 Ra7 68. g5+ Kg6 69. Re6+ Kg7 70. h5 Ra1 71. Re7+ Kf8 72. Rxe5 Ra4 73. Rb5 Rc4 74. Kg3 Kf7 75. Rf5+ Kg7 76. Rf4 Rc1 77. Ra4 Rg1+ 78. Kf4 Rf1+ 79. Ke5 Re1+ 80. Kf5 Rf1+ 81. Rf4 Ra1 82. Rf3 Rb1 83. h6+ Kh7 84. Re3 Rf1+ 85. Kg4 Rg1+ 86. Kh4 Rh1+ 87. Rh3 Rg1 88. Kh5 Rg2 89. Rh1 Rg3 90. Ra1 Rh3+ 91. Kg4 Rb3 92. Ra7+ Kg8 93. g6 Rb4+ 94. Kf5 Rb5+ 95. Ke4 Rb8 96. Re7 Rb4+ 97. Kf5 Rb5+ 98. Re5 Rb8 99. Kg5 Kf8 100. Rf5+ Kg8 101. h7+ Kg7 102. Rf7+ Kh8 103. Kh6 1-0

[Event "Budapest Spring Festival 2019"]
[Site "Budapest"]
[Date "2019.04.16"]
[Round "8.18"]
[White "Bernadskiy, Vitaliy"]
[Black "Parkhov, Yair"]
[Result "1-0"]
[ECO "B51"]
[WhiteElo "2587"]
[BlackElo "2352"]
[Annotator "ChessBase"]
[PlyCount "65"]
[EventDate "2019.04.09"]
[EventType "swiss"]
[EventCountry "HUN"]
[SourceTitle "playchess.com"]
[Source "ChessBase"]
[SourceQuality "1"]
[TimeControl "40/5400+30:1800+30"]

1. e4 c5 2. Nf3 d6 3. Bb5+ Nd7 4. O-O a6 5. Bd3 Ngf6 6. c3 b5 7. a4 Bb7 8. axb5 axb5 9. Rxa8 Qxa8 10. Bxb5 Bxe4 11. d4 Bxb1 12. dxc5 Be4 13. Re1 e6 14. Rxe4 Qxe4 15. c6 Be7 16. cxd7+ Nxd7 17. Nd4 Qb7 18. Qa4 O-O 19. Bxd7 Ra8 20. Bc6 Rxa4 21. Bxb7 Bg5 22. f4 e5 23. Bc6 Rc4 24. Bd5 Rc5 25. c4 exd4 26. fxg5 Ra5 27. Kf2 Ra1 28. Bf4 Ra2 29. Bxd6 Rxb2+ 30. Ke1 g6 31. c5 Kg7 32. c6 f6 33. c7 1-0

[Event "Budapest Spring Festival 2019"]
[Site "Budapest"]
[Date "2019.04.16"]
[Round "8.19"]
[White "Kulkarni Bhakti"]
[Black "Vetoshko, Volodymyr"]
[Result "1/2-1/2"]
[ECO "E32"]
[WhiteElo "2350"]
[BlackElo "2510"]
[Annotator "ChessBase"]
[PlyCount "32"]
[EventDate "2019.04.09"]
[EventType "swiss"]
[EventCountry "HUN"]
[SourceTitle "playchess.com"]
[Source "ChessBase"]
[SourceQuality "1"]
[TimeControl "40/5400+30:1800+30"]

1. d4 Nf6 2. c4 e6 3. Nc3 Bb4 4. Qc2 b6 5. a3 Bxc3+ 6. Qxc3 Bb7 7. Bg5 O-O 8. e3 d6 9. Ne2 Nbd7 10. Qc2 h6 11. Bh4 c5 12. Rd1 Qe7 13. Nc3 cxd4 14. Rxd4 Rfd8 15. f3 d5 16. cxd5 exd5 1/2-1/2

[Event "Budapest Spring Festival 2019"]
[Site "Budapest"]
[Date "2019.04.16"]
[Round "8.22"]
[White "Risting, Eivind Olav"]
[Black "Swayams, Mishra"]
[Result "1/2-1/2"]
[ECO "E12"]
[WhiteElo "2345"]
[BlackElo "2478"]
[Annotator "ChessBase"]
[PlyCount "32"]
[EventDate "2019.04.09"]
[EventType "swiss"]
[EventCountry "HUN"]
[SourceTitle "playchess.com"]
[Source "ChessBase"]
[SourceQuality "1"]
[TimeControl "40/5400+30:1800+30"]

1. d4 Nf6 2. c4 e6 3. Nf3 b6 4. a3 Bb7 5. Nc3 d5 6. cxd5 Nxd5 7. Qc2 Nxc3 8. bxc3 Nd7 9. e4 c5 10. Bf4 Rc8 11. d5 exd5 12. exd5 c4 13. d6 Qf6 14. Qe2+ Qe6 15. O-O-O h6 16. h4 Kd8 1/2-1/2

[Event "Budapest Spring Festival 2019"]
[Site "Budapest"]
[Date "2019.04.16"]
[Round "8.25"]
[White "Bayramov, Zaur"]
[Black "Nguyen, Piotr"]
[Result "1-0"]
[ECO "A82"]
[WhiteElo "2301"]
[BlackElo "2427"]
[Annotator "NA RC"]
[PlyCount "57"]
[EventDate "2019.04.09"]
[EventType "swiss"]
[EventCountry "HUN"]
[SourceTitle "playchess.com"]
[Source "ChessBase"]
[SourceQuality "1"]
[TimeControl "40/5400+30:1800+30"]

1. d4 f5 2. e4 fxe4 3. f3 d5 4. Nc3 Nf6 5. Bf4 Bf5 6. fxe4 dxe4 7. Bc4 e6 8. Nge2 Nc6 9. O-O Na5 10. Bb3 Nxb3 11. axb3 Bd6 12. Qd2 O-O 13. h3 Nd5 14. Bxd6 Qxd6 15. Nb5 Qb6 16. c4 a6 17. Na3 Qb4 18. Qc1 Nf6 19. Qe3 Qe7 20. Nb1 Rad8 21. Nbc3 Qb4 22. Na4 b6 23. d5 Bg6 24. dxe6 Rd3 25. Qg5 e3 26. Nf4 Ne4 27. Nxd3 Rxf1+ 28. Rxf1 Qd6 29. Qxe3 1-0

[Event "Budapest Spring Festival 2019"]
[Site "Budapest"]
[Date "2019.04.16"]
[Round "8.26"]
[White "Balogh, David"]
[Black "Srinath, Rao S.V."]
[Result "0-1"]
[ECO "A48"]
[WhiteElo "2264"]
[BlackElo "2416"]
[Annotator "NA RC"]
[PlyCount "70"]
[EventDate "2019.04.09"]
[EventType "swiss"]
[EventCountry "HUN"]
[SourceTitle "playchess.com"]
[Source "ChessBase"]
[SourceQuality "1"]
[TimeControl "40/5400+30:1800+30"]

1. d4 Nf6 2. Nf3 g6 3. Bg5 Bg7 4. Nbd2 O-O 5. c3 d6 6. e4 c6 7. h3 Nbd7 8. a4 a5 9. Qb3 Qc7 10. Be3 b6 11. Be2 Bb7 12. O-O e6 13. Ne1 c5 14. f3 Nh5 15. Bb5 e5 16. dxe5 Nxe5 17. Rd1 Kh8 18. Nd3 f5 19. exf5 gxf5 20. Nf4 Nxf4 21. Bxf4 Ng6 22. Bg3 f4 23. Bf2 d5 24. Rc1 Ne7 25. Rfe1 Nf5 26. Nf1 Qd6 27. Re2 d4 28. Re6 Qd8 29. Bc6 Bxc6 30. Rxc6 Rb8 31. Rd1 Qg5 32. Rxb6 Rxb6 33. Qxb6 Ne3 34. Bxe3 fxe3 35. Nh2 e2 0-1

[Event "Budapest Spring Festival 2019"]
[Site "Budapest"]
[Date "2019.04.16"]
[Round "8.27"]
[White "Horvath, Dominik"]
[Black "Nandhidhaa, P V"]
[Result "1/2-1/2"]
[ECO "A34"]
[WhiteElo "2412"]
[BlackElo "2314"]
[Annotator "NA"]
[PlyCount "77"]
[EventDate "2019.04.09"]
[EventType "swiss"]
[EventCountry "HUN"]
[SourceTitle "playchess.com"]
[Source "ChessBase"]
[SourceQuality "1"]
[TimeControl "40/5400+30:1800+30"]

1. c4 Nf6 2. Nc3 c5 3. Nf3 d5 4. cxd5 Nxd5 5. e3 Nxc3 6. dxc3 Qxd1+ 7. Kxd1 g6 8. e4 Bg7 9. Be3 Nd7 10. Nd2 O-O 11. a4 b6 12. a5 Bb7 13. Bb5 Ne5 14. f3 Rfc8 15. axb6 axb6 16. Kc2 Kf8 17. Rhe1 e6 18. Bg5 h6 19. Be3 Ke7 20. Bg1 g5 21. Red1 Rxa1 22. Rxa1 Ra8 23. Rxa8 Bxa8 24. b4 cxb4 25. c4 Nd7 26. Bxd7 Kxd7 27. Bxb6 f5 28. Bc5 Bc3 29. exf5 exf5 30. Nb1 Be5 31. h3 g4 32. Nd2 Bc3 33. hxg4 fxg4 34. fxg4 Bxg2 35. Bf8 Bh3 36. Ne4 Bxg4 37. Nxc3 bxc3 38. Bxh6 Kc6 39. Kxc3 1/2-1/2